Map: Ultralove

Players

Serral

  • Race: Zerg Zerg
  • League: Master
  • Spawn Location: 7:00

LiquidClem (Clem) - Winner!

  • Race: Terran Terran
  • League: Grandmaster
  • Spawn Location: 1:00

Event: HomeStory Cup XXVI

VOD

Have the link to the VOD?

Description

Time

  • Played on: Dec. 1, 2024, 3:14 p.m.
  • Length: 14:59

All games in this series

Show
View Real Time Build Order
Export as new Build Order

Serral Zerg 

Build Orders: Hatch First 

Get SALT Encoding   

  12  0:00  Drone  
  13  0:11  Overlord  
  13  0:16  Drone  
  14  0:30  Drone x2  
  16  0:47  Hatchery  
  16  0:48  Drone  
  16  0:52  Drone  
  16  0:55  Drone  
  18  1:05  Extractor  
  18  1:10  Spawning Pool  
  16  1:13  Drone  
  16  1:16  Drone  
  18  1:27  Drone  
  19  1:38  Drone  
  20  1:49  Drone  
  21  1:58  Queen x2  
  21  1:59  Zergling x4  
  27  2:09  Overlord  
  27  2:11  Drone  
  28  2:28  Hatchery  
  27  2:31  Drone  
  27  2:33  Drone  
  27  2:36  Drone  
  30  2:38  Drone  
  31  2:46  Queen  
  31  2:47  Overlord  
  31  2:50  Drone  
  34  2:53  Drone  
  34  2:54  Drone  
  36  3:03  Roach Warren  
  36  3:04  Drone  
  36  3:10  Drone x2  
  38  3:15  Drone  
  38  3:16  Drone  
  38  3:18  Drone  
  41  3:20  Overlord  
  41  3:24  Drone  
  42  3:30  Overlord  
  42  3:43  Roach x3  
  42  3:44  Roach  
  42  3:45  Roach x3  
  56  3:49  Roach  
  56  3:50  Roach  
  56  3:55  Queen  
  60  3:58  Overlord  
  60  4:02  Drone  
  63  4:05  Drone  
  63  4:06  Drone x2  
  63  4:08  Overlord  
  66  4:16  Queen  
  69  4:17  Drone  
  69  4:19  Drone  
  69  4:20  Drone  
  69  4:22  Drone  
  69  4:23  Drone  
  73  4:26  Overlord  
  73  4:27  Drone  
  73  4:29  Drone  
  73  4:30  Drone  
  76  4:36  Drone x2  
  79  4:38  Drone  
  79  4:43  Drone x2  
  81  4:46  Drone x2  
  81  4:47  Drone  
  81  4:49  Drone  
  81  4:50  Drone  
  81  4:51  Lair  
  84  4:55  Roach  
  86  5:00  Roach  
  86  5:01  Roach  
  86  5:07  Drone  
  83  5:10  Drone  
  83  5:11  Drone  
  77  5:16  Extractor, Queen  
  77  5:17  Drone  
  77  5:19  Spore Crawler  
  77  5:20  Extractor  
  77  5:21  Extractor  
  77  5:22  Extractor, Drone  
  77  5:23  Drone x5  
  77  5:24  Spore Crawler  
  77  5:25  Spore Crawler, Drone x3  
  82  5:30  Drone  
  82  5:33  Drone  
  84  5:37  Drone  
  84  5:41  Drone  
  85  5:46  Drone  
  85  5:47  Drone  
  83  5:52  Drone x7  
  83  5:54  Overseer  
  89  5:57  Drone  
  89  6:00  Overlord, Hatchery  
  89  6:02  Evolution Chamber x2, Overlord  
  89  6:03  Spore Crawler, Drone x2  
  87  6:08  Drone  
  87  6:11  Drone x2  
  90  6:18  Overlord  
  89  6:20  Extractor  
  89  6:21  Infestation Pit  
  89  6:25  Drone x6  
  93  6:31  Zerg Ground Armor Level 1, Zerg Missile Weapons Level 1  
  93  6:32  Overlord  
  93  6:36  Roach x3  
  93  6:39  Overlord  
  99  6:43  Overseer  
  99  6:44  Roach x2  
  103  6:47  Overlord  
  103  6:49  Roach x4  
  111  6:54  Glial Reconstitution  
  111  6:56  Overlord, Baneling Nest  
  111  6:59  Overlord  
  110  7:05  Hive  
  110  7:08  Roach x2  
  110  7:09  Roach  
  110  7:10  Zergling x6  
  110  7:12  Overlord  
  119  7:16  Zergling x6  
  119  7:22  Overlord  
  122  7:26  Drone x4  
  122  7:28  Overlord  
  122  7:29  Ravager x3  
  129  7:30  Metabolic Boost  
  129  7:32  Drone x4  
  129  7:36  Queen  
  135  7:37  Extractor  
  135  7:40  Roach x4  
  135  7:43  Overlord x2  
  142  7:48  Centrifugal Hooks  
  142  7:49  Zergling x6  
  145  7:55  Drone  
  145  7:56  Zergling x12  
  152  8:05  Zergling x10  
  156  8:11  Zergling x14  
  163  8:17  Viper  
  163  8:18  Viper  
  169  8:20  Overlord  
  169  8:25  Zergling x2  
  169  8:26  Zergling x8  
  174  8:36  Zerg Ground Armor Level 2  
  174  8:37  Zerg Melee Weapons Level 1  
  174  8:40  Baneling x6  
  174  8:42  Zergling x10  
  174  8:46  Hatchery  
  178  8:48  Zergling x2  
  178  8:49  Zergling x12, Adrenal Glands  
  181  8:58  Overlord  
  181  9:01  Zergling x16  
  184  9:08  Zergling x8  
  188  9:12  Zergling x8  
  188  9:15  Baneling x2  
  188  9:16  Baneling x6  
  186  9:21  Zergling x2  
  186  9:22  Zergling x6  
  186  9:23  Baneling x4  
  190  9:29  Drone  
  190  9:30  Drone x2  
  190  9:33  Drone, Ultralisk Cavern  
  190  9:34  Overlord x2  
  189  9:38  Drone x3  
  189  9:41  Zergling x12  
  196  9:50  Hydralisk Den  
  196  9:51  Drone x2  
  197  9:55  Baneling x6  
  197  9:56  Baneling x3, Zergling x4  
  197  9:58  Overseer  
  197  9:59  Pneumatized Carapace, Overseer  
  199  10:10  Zergling x14  
  197  10:19  Zergling x28  
  172  10:29  Zergling x4  
  172  10:33  Zergling x2  
  172  10:34  Zergling x12  
  172  10:35  Baneling x7  
  162  10:39  Zergling x14  
  162  10:41  Zerg Melee Weapons Level 2  
  155  10:45  Zergling x4  
  155  10:46  Zergling x6  
  145  10:51  Zergling x4  
  145  10:55  Roach x5  
  147  11:01  Roach  
  147  11:02  Roach, Zergling x6  
  149  11:08  Spore Crawler, Zergling x6  
  149  11:09  Baneling x6, Overseer  
  147  11:12  Zergling x4  
  147  11:13  Zerg Ground Armor Level 3  
  147  11:18  Zergling x4  
  149  11:22  Zergling x6  
  149  11:25  Baneling x4  
  151  11:28  Zergling x18  
  148  11:33  Baneling x3  
  148  11:34  Zergling x14  
  148  11:39  Zergling x4  
  155  11:42  Muscular Augments  
  155  11:45  Viper x2  
  160  11:47  Zergling x4  
  160  11:52  Zergling x4  
  160  11:56  Zergling x4  
  160  11:58  Baneling x5  
  160  11:59  Baneling x4, Ravager  
  160  12:00  Overseer, Ravager x3  
  166  12:04  Zergling x2  
  166  12:05  Zergling x8  
  164  12:10  Queen x2  
  164  12:14  Zergling x8  
  159  12:16  Queen  
  159  12:18  Zergling x4  
  152  12:25  Zergling x10  
  152  12:27  Zergling x8  
  156  12:32  Zergling x10  
  156  12:34  Queen  
  156  12:35  Baneling x7  
  164  12:40  Zergling x2  
  162  12:45  Queen  
  162  12:46  Grooved Spines, Zergling x6  
  162  12:50  Hydralisk x3  
  162  12:51  Hydralisk  
  172  12:54  Overseer  
  172  12:55  Hydralisk x3  
  177  13:03  Hydralisk x2  
  177  13:10  Baneling  
  177  13:11  Baneling x4  
  175  13:15  Zergling x2  
  175  13:18  Baneling x4  
  172  13:21  Zergling x6  
  172  13:23  Overlord x3  
  175  13:30  Zergling x18  
  175  13:32  Hatchery  
  166  13:35  Baneling  
  166  13:36  Baneling x4  
  166  13:39  Zergling x14  
  166  13:45  Zergling x4  
  153  13:51  Overseer x2  
  153  13:54  Zergling x2  
  153  13:55  Zergling x10  
  148  13:57  Zergling x6  
  123  14:04  Zergling x16  
  123  14:06  Baneling x4  
  123  14:07  Hydralisk  
  131  14:16  Hydralisk  
  131  14:22  Baneling x5  
  131  14:23  Zergling x4  
  131  14:24  Zergling x2  
  134  14:29  Zergling x12  
Show
View Real Time Build Order
Export as new Build Order

LiquidClem Terran - Winner!

Build Orders: Reaper Expand, Hellion Banshee 

Get SALT Encoding   

  12  0:00  SCV  
  13  0:12  SCV  
  14  0:17  Supply Depot  
  14  0:24  SCV  
  15  0:38  SCV  
  15  0:39  Barracks  
  16  0:44  Refinery  
  16  0:50  SCV  
  17  1:03  SCV  
  18  1:15  SCV  
  19  1:27  Orbital Command, Reaper  
  20  1:38  Command Center  
  20  1:45  Supply Depot  
  20  1:52  SCV  
  21  1:58  Marine  
  22  2:04  SCV  
  23  2:08  Factory  
  23  2:16  SCV  
  23  2:22  Barracks Reactor  
  24  2:28  SCV  
  25  2:40  Command Center, SCV  
  26  2:50  Orbital Command  
  26  2:53  SCV  
  27  2:58  Starport  
  27  3:02  Refinery  
  27  3:05  SCV  
  28  3:09  Hellion  
  30  3:13  Hellion  
  30  3:16  SCV  
  30  3:18  SCV  
  34  3:20  Barracks Tech Lab  
  34  3:28  SCV  
  34  3:30  Hellion, SCV  
  38  3:34  Hellion  
  38  3:40  SCV  
  41  3:41  Banshee  
  41  3:42  SCV  
  41  3:44  Marine  
  46  3:52  Hellion, SCV  
  46  3:54  Orbital Command  
  49  3:57  Cloaking Field  
  49  3:59  SCV  
  49  4:02  Hellion  
  52  4:04  SCV  
  52  4:07  Supply Depot  
  53  4:10  Barracks Tech Lab  
  53  4:11  SCV  
  53  4:16  SCV  
  55  4:24  Banshee, SCV  
  57  4:28  SCV  
  57  4:29  Barracks  
  60  4:31  SCV  
  60  4:35  Factory Reactor  
  60  4:36  Marine, Barracks, SCV  
  62  4:40  Supply Depot  
  62  4:42  SCV  
  62  4:44  SCV  
  62  4:48  SCV  
  53  4:54  Marine, SCV  
  53  4:56  SCV  
  55  5:00  SCV  
  55  5:07  SCV  
  51  5:08  SCV  
  51  5:11  Marine  
  51  5:12  SCV  
  51  5:18  Refinery  
  51  5:19  SCV  
  51  5:20  SCV  
  53  5:23  Starport Reactor  
  53  5:24  Marine x2  
  53  5:25  Marine  
  53  5:27  Marine  
  53  5:28  SCV  
  58  5:30  Marine  
  58  5:32  SCV  
  58  5:35  SCV  
  61  5:40  Engineering Bay  
  61  5:41  Engineering Bay, SCV  
  62  5:44  Marine, SCV  
  62  5:46  Marine  
  62  5:47  Marine, SCV  
  62  5:48  Marine  
  62  5:49  Marine  
  69  5:54  SCV  
  70  5:58  Supply Depot  
  70  5:59  Orbital Command  
  70  6:00  SCV  
  70  6:01  Marine  
  70  6:02  Medivac  
  70  6:04  Marine, Medivac  
  77  6:15  Marine, Refinery  
  77  6:16  SCV  
  77  6:18  Terran Infantry Weapons Level 1  
  77  6:19  Marine x3, Terran Infantry Armor Level 1, SCV  
  77  6:22  Marine  
  77  6:25  Siege Tank, SCV  
  83  6:30  SCV  
  83  6:31  SCV  
  83  6:32  Supply Depot  
  85  6:42  Supply Depot  
  85  6:44  Barracks x2  
  85  6:46  Supply Depot  
  85  6:53  Marine x5, SCV x3  
  93  6:54  Supply Depot  
  93  7:04  Stimpack, Siege Tank  
  93  7:05  SCV  
  93  7:06  SCV  
  93  7:07  Medivac  
  93  7:08  Medivac  
  102  7:09  SCV  
  102  7:11  Marine x2, Supply Depot  
  102  7:15  Marine x2  
  107  7:16  Marine  
  107  7:17  Supply Depot, SCV  
  107  7:19  SCV  
  107  7:22  SCV  
  111  7:27  Supply Depot, Refinery  
  111  7:28  Marine x2  
  111  7:29  SCV  
  114  7:31  SCV  
  114  7:32  Barracks Reactor, Barracks Tech Lab  
  114  7:34  Supply Depot, Marine  
  114  7:36  SCV  
  117  7:38  Siege Tank, Medivac  
  117  7:42  SCV  
  117  7:43  Supply Depot  
  123  7:44  Refinery  
  123  7:50  Factory, SCV x2  
  125  7:57  Marine  
  128  7:58  Marauder  
  128  7:59  Supply Depot, Combat Shield  
  128  8:00  Marine x2  
  128  8:01  SCV  
  128  8:04  SCV x2  
  133  8:07  Supply Depot  
  133  8:10  Marine x2, Siege Tank  
  133  8:11  Armory  
  138  8:13  Marauder  
  138  8:18  Marine x3  
  143  8:21  Supply Depot, Marauder  
  143  8:24  Medivac x2  
  149  8:29  Marine x2, Supply Depot  
  149  8:30  Marine  
  152  8:34  Marine, Supply Depot, Sensor Tower  
  152  8:36  Marine, Factory Tech Lab  
  152  8:37  Factory Reactor  
  152  8:38  Marine x2  
  158  8:44  Concussive Shells  
  158  8:46  Command Center  
  154  8:52  Siege Tank  
  154  8:54  Marine, Marauder  
  154  8:55  Marauder  
  158  8:56  Marine  
  158  8:58  Marine  
  158  9:02  Terran Infantry Weapons Level 2  
  160  9:03  Marine x2  
  160  9:05  Terran Infantry Armor Level 2  
  160  9:07  Marine  
  163  9:12  Marine  
  163  9:14  Marine  
  163  9:15  Marine  
  169  9:17  Widow Mine x2  
  169  9:18  Drilling Claws  
  169  9:22  Medivac  
  169  9:23  Marine  
  169  9:24  Marine, Siege Tank  
  174  9:25  Marine  
  174  9:27  Marine  
  174  9:31  Marine x2  
  175  9:35  Supply Depot  
  175  9:36  Marine, Medivac  
  182  9:38  Widow Mine x2  
  182  9:40  Marine x2  
  182  9:41  Marine  
  184  9:48  Marine  
  184  9:51  Marine  
  184  9:53  Marine  
  184  9:55  Terran Vehicle And Ship Armor Level 1  
  184  9:56  Widow Mine  
  184  9:57  Medivac  
  184  9:58  Marine x2  
  184  9:59  Marauder  
  197  10:00  Widow Mine x2, SCV x2  
  197  10:05  SCV  
  200  10:12  Marine  
  200  10:13  Marine x2  
  194  10:16  Marauder  
  194  10:17  Marine, Widow Mine, Medivac  
  194  10:18  Marine  
  198  10:21  Widow Mine x2  
  198  10:23  Marine  
  198  10:25  Marine  
  198  10:26  SCV  
  198  10:27  SCV  
  191  10:32  Marine  
  191  10:35  Barracks  
  180  10:36  Barracks  
  180  10:37  Barracks  
  180  10:39  Marine, Widow Mine, Planetary Fortress  
  180  10:42  Marine, Widow Mine  
  178  10:43  Widow Mine, SCV  
  167  10:51  Marine  
  167  10:52  Marine  
  167  10:53  SCV  
  167  10:54  SCV  
  164  10:57  Marine  
  164  10:58  Marine  
  164  10:59  Marauder  
  164  11:00  Widow Mine  
  170  11:04  Marine x2, Widow Mine x2  
  170  11:05  Marine  
  170  11:09  Marine x2  
  172  11:12  Liberator x2  
  172  11:14  SCV  
  172  11:15  Marine  
  180  11:22  Widow Mine  
  180  11:23  Barracks Tech Lab x2  
  180  11:25  Widow Mine x2, Barracks Tech Lab  
  183  11:27  Marine  
  183  11:28  Marine x3  
  183  11:29  Marine x2  
  175  11:35  Marine  
  175  11:36  Marine  
  171  11:43  Widow Mine  
  171  11:44  Command Center, Refinery x2  
  171  11:45  Marine  
  171  11:46  Marine, Ghost Academy  
  171  11:47  Widow Mine x2  
  177  11:53  Marine x3  
  177  11:54  Marine  
  179  11:55  Marine, Medivac x2  
  184  12:04  Widow Mine  
  184  12:08  Widow Mine x2  
  187  12:09  Marine  
  187  12:10  Marine  
  187  12:12  Marine x2  
  187  12:18  Marine x2  
  187  12:21  SCV  
  187  12:22  SCV x2  
  171  12:23  Marine  
  171  12:24  Marine  
  171  12:25  Marine, Liberator x2  
  171  12:26  Widow Mine  
  171  12:28  Marine  
  171  12:29  Marine, Widow Mine x2, Ghost  
  189  12:37  SCV x2  
  189  12:38  Ghost  
  189  12:41  Ghost  
  189  12:42  Marine, Ghost  
  197  12:47  Widow Mine  
  197  12:51  Widow Mine x2  
  199  12:57  Command Center  
  196  13:05  Marine  
  196  13:08  Liberator  
  196  13:09  Widow Mine  
  196  13:10  Ghost  
  196  13:12  Widow Mine  
  200  13:19  Marine, Ghost  
  197  13:27  Medivac  
  197  13:28  Marine x2, Widow Mine, Orbital Command  
  197  13:29  Marine  
  197  13:30  Marine, Widow Mine  
  194  13:36  Ghost x2  
  194  13:37  SCV x2  
  194  13:39  Marine  
  194  13:40  Marine x2  
  188  13:43  Marine  
  188  13:46  Marine  
  185  13:49  Planetary Fortress  
  185  13:50  Marine x3, Widow Mine  
  185  13:51  Marauder, Medivac  
  173  13:56  Widow Mine  
  173  13:57  Marine, SCV  
  173  13:58  Marine  
  173  13:59  Marauder  
  173  14:01  Ghost  
  162  14:03  SCV x2  
  162  14:04  Marine x2  
  162  14:05  Marine  
  162  14:09  Marine  
  167  14:11  Widow Mine  
  167  14:12  Marine  
  167  14:13  Marauder  
  167  14:15  Missile Turret  
  167  14:16  Marine x2  
  167  14:17  Marine, Widow Mine  
  174  14:18  Orbital Command  
  174  14:21  Command Center  
  180  14:25  Marine  
  180  14:29  Marine  
  180  14:32  Marine, Widow Mine  
Tags
 
Add a new tag
Caveats
  • Supply blocks, unpowered buildings, or Contaminate may cause inaccurate times.
  • Supply counts are checked every 10 seconds.